Map: Acropolis LE

Players

Woah - Winner!

  • Race: Protoss Protoss
  • Spawn Location: 5:00

Raclem

  • Race: Protoss Protoss
  • League: Silver
  • Spawn Location: 11:00

VOD

Have the link to the VOD?

Description

Time

  • Played on: June 10, 2019, 5:57 p.m.
  • Length: 8:56
Show
View Real Time Build Order
Export as new Build Order

Woah Protoss - Winner!

Build Orders:  

Get SALT Encoding   

  12  0:01  Probe  
  13  0:15  Probe  
  13  0:18  Pylon  
  14  0:41  Probe  
  15  0:44  Gateway  
  15  0:53  Probe  
  16  1:02  Assimilator  
  16  1:03  Assimilator  
  16  1:05  Probe  
  16  1:11  Gateway  
  17  1:13  Probe  
  18  1:22  Probe  
  19  1:35  Cybernetics Core  
  19  1:38  Probe  
  20  1:41  Pylon  
  20  1:50  Probe  
  21  1:57  Warp Gate  
  21  2:02  Probe  
  22  2:14  Probe  
  25  2:15  Sentry  
  25  2:23  Pylon  
  25  2:24  Pylon  
  25  2:34  Probe  
  25  2:36  Robotics Facility  
  26  2:41  Stalker  
  26  2:46  Probe  
  26  2:49  Stalker  
  31  3:06  Probe  
  32  3:19  Nexus  
  32  3:25  Probe  
  33  3:37  Probe  
  33  3:39  Twilight Council  
  34  3:42  Pylon  
  34  3:48  Stalker  
  36  3:50  Probe  
  37  3:57  Stalker  
  39  4:05  Probe  
  39  4:07  Blink  
  40  4:17  Probe  
  41  4:30  Shield Battery  
  42  4:31  Probe  
  42  4:33  Stalker  
  42  4:37  Stalker  
  46  4:43  Probe  
  47  5:01  Gateway  
  47  5:02  Gateway  
  47  5:05  Gateway  
  47  5:08  Gateway  
  47  5:10  Pylon  
  47  5:12  Probe  
  48  5:24  Probe  
  48  5:25  Warp Prism  
  48  5:27  Gateway  
  49  5:29  Gateway  
  51  5:36  Probe  
  51  5:41  Stalker x2  
  56  5:54  Probe  
  57  6:00  Gateway  
  57  6:03  Observer  
  50  6:31  Stalker x3  
  50  6:32  Stalker x3  
  44  6:55  Stalker  
  44  6:57  Zealot x5  
  44  6:58  Zealot x3  
  59  7:17  Probe  
  54  7:29  Probe  
  55  7:30  Stalker x2  
  55  7:31  Zealot x5  
  55  7:32  Zealot x2  
  71  7:37  Assimilator  
  71  7:38  Assimilator  
  71  7:41  Probe  
  72  7:54  Probe  
  69  8:05  Stalker  
  69  8:07  Zealot x3  
  77  8:21  Probe  
  77  8:23  Pylon x2  
  77  8:25  Pylon  
  78  8:33  Probe  
  73  8:39  Zealot x2  
  73  8:40  Zealot  
  77  8:42  Zealot x5  
  77  8:43  Zealot  
Show
View Real Time Build Order
Export as new Build Order

Raclem Protoss 

Build Orders:  

Get SALT Encoding   

  12  0:02  Probe  
  13  0:14  Probe  
  13  0:20  Pylon  
  14  0:27  Probe  
  15  0:39  Probe  
  15  0:40  Gateway  
  16  0:50  Gateway  
  16  0:59  Assimilator  
  16  1:01  Probe  
  17  1:06  Assimilator  
  17  1:13  Probe  
  18  1:25  Probe  
  19  1:37  Probe  
  20  1:40  Cybernetics Core  
  20  1:49  Probe  
  21  2:02  Probe  
  22  2:14  Probe  
  23  2:19  Twilight Council  
  23  2:23  Robotics Facility  
  23  2:26  Pylon  
  23  2:30  Pylon  
  23  2:44  Probe  
  23  2:45  Pylon  
  24  2:52  Stalker  
  24  2:53  Stalker  
  24  2:56  Probe  
  29  3:07  Nexus  
  29  3:12  Probe  
  30  3:24  Observer, Probe  
  32  3:29  Charge  
  32  3:45  Immortal  
  32  3:47  Assimilator  
  36  3:49  Assimilator  
  36  3:58  Zealot x2  
  36  4:00  Probe  
  41  4:12  Probe  
  42  4:19  Probe  
  42  4:21  Warp Gate  
  43  4:25  Zealot x2  
  47  4:31  Probe  
  48  4:45  Templar Archives  
  48  5:03  Forge  
  48  5:04  Zealot  
  48  5:05  Zealot  
  52  5:07  Pylon  
  52  5:08  Probe  
  52  5:12  Probe  
  54  5:20  Probe  
  55  5:24  Probe, Pylon  
  55  5:27  Pylon  
  56  5:32  Probe  
  56  5:33  High Templar x2  
  61  5:36  Probe  
  62  5:44  Probe  
  62  5:46  Protoss Shields Level 1  
  63  5:52  Immortal  
  67  6:05  Probe  
  67  6:06  Probe  
  61  6:39  Zealot x2  
  59  7:00  Gateway  
  59  7:02  Gateway  
  59  7:05  Pylon  
  59  7:08  Immortal  
  63  7:09  Pylon  
  63  7:21  Probe x2  
  57  7:26  High Templar  
  57  7:27  High Templar  
  51  7:33  Probe x2  
  35  7:56  Zealot  
  33  8:08  High Templar x2  
  33  8:09  Zealot  
  33  8:13  Archon  
  33  8:18  Zealot  
  5  8:36  Zealot  
  7  8:43  Zealot x2  
  7  8:45  High Templar  
Tags
 
League
Silver
Matchup
PvP
Replay Pack
r1
Spawn Locations
Cross Positions
Add a new tag
Caveats
  • Supply blocks, unpowered buildings, or Contaminate may cause inaccurate times.
  • Supply counts are checked every 10 seconds.